 Dungeon Crawl Stone Soup version 0.21.0-3-g78d12a8 (webtiles) character file.

47 myopia the Grave Robber (level 3, -1/24 HPs)
             Began as a Mummy Necromancer on Jan 13, 2018.
             Killed from afar by Sigmund (9 damage)
             ... with a magic dart
             ... on level 2 of the Dungeon.
             The game lasted 00:06:04 (1539 turns).

myopia the Grave Robber (Mummy Necromancer)         Turns: 1539, Time: 00:06:06

Health: -1/24      AC:  2    Str: 11    XL:     3   Next: 48%
Magic:  2/7        EV: 12    Int: 15    God:
Gold:   84         SH:  0    Dex: 12    Spells: 6/7 levels left

rFire    x . .     SeeInvis .   h - +1 whip (drain)
rCold    + . .     Gourm    .   (no shield)
rNeg     + + +     Faith    .   a - +0 robe
rPois    ∞         Spirit   .   (no helmet)
rElec    .         Reflect  .   (no cloak)
rCorr    .         Harm     .   (no gloves)
MR       .....                  (no boots)
Stlth    ++........             (no amulet)
HPRegen  0.08/turn              (no ring)
MPRegen  0.10/turn              (no ring)

@: no status effects
A: no food or potions, fire vulnerability, cold resistance 1, negative energy
resistance 3, torment resistance, unbreathing
a: no special abilities


You were on level 2 of the Dungeon.
You were not hungry.

You visited 1 branch of the dungeon, and saw 2 of its levels.

You collected 84 gold pieces.

Inventory:

Hand Weapons
 g - a +0 dagger
 h - a +1 whip of draining (weapon)
Armour
 a - a +0 robe (worn)
Scrolls
 c - a scroll of fog
 e - 4 scrolls of identify
 f - a scroll of enchant weapon
Books
 b - a book of Necromancy

   Spells                             Type                      Level
   a - Pain                           Necromancy                   1
   b - Animate Skeleton               Necromancy                   1
   c - Vampiric Draining              Necromancy                   3
   d - Regeneration                   Charms/Necromancy            3
   e - Animate Dead                   Necromancy                   4
   f - Borgnjor's Vile Clutch         Necromancy/Earth             5


   Skills:
 - Level 1.5 Dodging
 - Level 1.5 Stealth
 - Level 2.6 Spellcasting
 + Level 5.3 Necromancy


You had 6 spell levels left.
You knew the following spells:

 Your Spells              Type           Power        Failure   Level  Hunger
a - Pain                  Necr           ###.         2%          1    N/A

Dungeon Overview and Level Annotations

Branches:
Dungeon (2/15)

Altars:

Annotations:
D:2 Sigmund


Innate Abilities, Weirdness & Mutations

You do not eat or drink.
Your flesh is vulnerable to fire.
You are immune to poison.
Your flesh is cold resistant. (rC+)
You are immune to negative energy. (rN+++)
You are immune to unholy pain and torment.
You can survive without breathing.


Message History

Casting: Pain
Confirm with . or Enter, or press ? or * to list all spells.
Aiming: Pain
Press: ? - help, Shift-Dir - straight line, f/p - Sigmund
Aim: Sigmund, wielding a scythe of flaming and wearing a robe (heavily wounded, chance to defeat MR: 84%) Sigmund writhes in agony!
Sigmund hits you from afar with a scythe of flaming.
Sigmund burns you. The kobold hits you but does no damage.
Sigmund casts a spell at you.
You are confused.
You closely miss the kobold. The kobold hits you with a club.
Sigmund gestures wildly while chanting.
Sigmund flickers and vanishes!
Deactivating autopickup; reactivate with Ctrl-A.
You're too confused to move!
The kobold hits you but does no damage.
You feel less confused. The kobold barely misses you.
A magic dart appears from out of thin air!
The magic dart hits you!
You die...

#.......##......#.#.....#.#..##
#.......##......#.......#[.....
#####.........#.#.#.....#...###
#.........#.#..............
#..>......#.###.....#.#.###
#.........#.#.......#.#>#
#.........#.#.#####.#.####
#................##......#
#.......K.@......###.....#
#########........†.......#
###### ##.......###.....+
#....# #.......# #.....# #....#
#.......# #.....# #....#
######### ####### #....# #....#
#....############


You could see a kobold.

Vanquished Creatures
  An adder (D:2)
  2 dart slugs (D:1)
  A leopard gecko (D:1)
  5 bats
  3 goblins (D:1)
  9 hobgoblins
  5 kobolds (D:1)
  2 frilled lizards (D:1)
  3 rats
31 creatures vanquished.

Vanquished Creatures (others)
  5 toadstools (D:1)
5 creatures vanquished.

Grand Total: 36 creatures vanquished

Notes
Turn   | Place    | Note
-------+----------+-------------------------------------------
     0 | D:1      | myopia the Mummy Necromancer began the quest for the Orb.
     0 | D:1      | Reached XP level 1. HP: 13/13 MP: 4/4
    95 | D:1      | Reached XP level 2. HP: 19/19 MP: 1/5
   825 | D:1      | Reached skill level 5 in Necromancy
  1094 | D:1      | Reached XP level 3. HP: 24/24 MP: 4/7
  1514 | D:2      | Noticed Sigmund
  1539 | D:2      | Killed from afar by Sigmund

Skill      XL: |  1  2 |
---------------+-------+-----
Necromancy     | 5 |  5.3
Dodging        | |  1.5
Stealth        | |  1.5
Spellcasting   | |  2.6

Action                   || total
-------------------------++-------
Melee: Whip              ||    13
 Cast: Pain              ||    57
  Use: Scroll            ||     4
Armor: Robe              ||     5
Dodge: Dodged            ||    22
